[ AOE2 MATCH · #467283673 ]
Team RMVietnamese vs Huns
[ REPLAY ANALYSIS · EXTRACTED FROM THE RECORDED GAME ]
Feudal
—
Castle
—
Imperial
—
| APM avg | 14.9 |
| APM peak | 79 |
| eAPM avg | 12.2 |
| Villagers / military | 153 / 313 |
Focus
⚔️ 48.7% · 🌾 51.3%
Spearman ×170 · Skirmisher ×69 · Archer ×44 · Rattan Archer ×19 · Bombard Cannon ×6 · Battering Ram ×5
Feudal
—
Castle
—
Imperial
—
| APM avg | 11.8 |
| APM peak | 33 |
| eAPM avg | 8.8 |
| Villagers / military | 149 / 304 |
Focus
⚔️ 34.5% · 🌾 65.5%
Skirmisher ×107 · Tarkan ×99 · Cavalry Archer ×48 · Spearman ×36 · Trade Cart ×26 · Battering Ram ×14
Feudal
13:44
Castle
18:32
Imperial
32:44
| APM avg | 25.4 |
| APM peak | 74 |
| eAPM avg | 17.1 |
| Villagers / military | 108 / 335 |
Focus
⚔️ 51.8% · 🌾 48.2%
Spearman ×167 · Jaguar Warrior ×128 · Skirmisher ×23 · Trebuchet (Packed) ×13 · Trade Cart ×7 · Monk ×3
Feudal
—
Castle
—
Imperial
—
| APM avg | 21.0 |
| APM peak | 93 |
| eAPM avg | 15.2 |
| Villagers / military | 159 / 313 |
Focus
⚔️ 30.3% · 🌾 69.7%
Battle Elephant ×113 · Scout Cavalry ×98 · Ballista Elephant ×87 · Skirmisher ×14 · Knight ×1
Feudal
9:50
Castle
17:11
Imperial
34:59
| APM avg | 16.6 |
| APM peak | 37 |
| eAPM avg | 11.5 |
| Villagers / military | 93 / 384 |
Focus
⚔️ 49.6% · 🌾 50.4%
Spearman ×251 · Scorpion ×62 · Militia ×28 · Mangonel ×20 · Battering Ram ×8 · Centurion ×7
Feudal
—
Castle
—
Imperial
—
| APM avg | 9.4 |
| APM peak | 52 |
| eAPM avg | 7.7 |
| Villagers / military | 135 / 179 |
Focus
⚔️ 42.6% · 🌾 57.4%
Hand Cannoneer ×97 · Militia ×30 · Camel Scout ×22 · Ghulam ×12 · Scorpion ×11 · Bombard Cannon ×7
Match map
Resources at game start + every placement click. Thick line = wall · dashed box = detected house wall. 🟡 gold · ⚪ stone · 🟢 berries · 🔶 boar · ⭕ relic
Inputs per minute
— Twiggy551456 - - Commander Davis
Build order — Twiggy551456
First 150 of 394 actions detected
| 0:07 | Build | House |
| 0:08 | Build | House |
| 0:10 | Build | House |
| 0:11 | Build | House |
| 0:12 | Create | Villager (Male) |
| 0:12 | Create | Villager (Male) |
| 0:12 | Create | Villager (Male) |
| 0:13 | Create | Villager (Male) |
| 0:13 | Create | Villager (Male) |
| 1:35 | Create | Villager (Male) |
| 1:35 | Create | Villager (Male) |
| 2:28 | Create | Villager (Male) |
| 2:34 | Create | Villager (Male) |
| 3:10 | Create | Villager (Male) |
| 3:36 | Create | Villager (Male) |
| 3:37 | Create | Villager (Male) |
| 4:19 | Create | Villager (Male) |
| 4:38 | Create | Villager (Male) |
| 4:38 | Create | Villager (Male) |
| 5:21 | Create | Villager (Male) |
| 5:32 | Build | Lumber Camp |
| 5:36 | Create | Villager (Male) |
| 6:29 | Create | Villager (Male) |
| 6:44 | Build | Mill |
| 7:11 | Create | Villager (Male) |
| 7:11 | Create | Villager (Male) |
| 8:03 | Build | House |
| 8:04 | Build | House |
| 8:05 | Build | House |
| 8:06 | Build | House |
| 8:20 | Research | Feudal Age |
| 8:46 | Build | Farm |
| 8:49 | Build | Farm |
| 8:54 | Build | Farm |
| 8:56 | Build | Farm |
| 8:58 | Build | Farm |
| 10:32 | Build | Mining Camp |
| 10:35 | Create | Villager (Male) |
| 10:36 | Create | Villager (Male) |
| 10:36 | Create | Villager (Male) |
| 10:55 | Build | Farm |
| 10:56 | Build | Farm |
| 10:57 | Build | Farm |
| 10:59 | Build | Farm |
| 11:00 | Build | Farm |
| 11:09 | Research | Wheelbarrow |
| 11:32 | Build | Farm |
| 11:39 | Research | Horse Collar |
| 11:58 | Build | Blacksmith |
| 12:32 | Create | Villager (Male) |
| 12:40 | Research | Double-Bit Axe |
| 12:44 | Create | Villager (Male) |
| 12:45 | Create | Villager (Male) |
| 12:59 | Build | Market |
| 13:19 | Create | Villager (Male) |
| 13:20 | Create | Villager (Male) |
| 13:21 | Create | Villager (Male) |
| 13:32 | Build | Mining Camp |
| 14:18 | Build | Farm |
| 14:36 | Create | Villager (Male) |
| 14:37 | Create | Villager (Male) |
| 14:42 | Build | Farm |
| 15:16 | Build | Barracks |
| 15:33 | Create | Villager (Male) |
| 15:34 | Create | Villager (Male) |
| 16:13 | Build | Archery Range |
| 16:29 | Research | Castle Age |
| 16:55 | Research | Fletching |
| 17:20 | Build | Outpost |
| 18:15 | Build | Outpost |
| 18:31 | Create | Archer |
| 18:33 | Create | Archer |
| 18:34 | Create | Archer |
| 18:47 | Build | House |
| 18:49 | Build | House |
| 18:50 | Build | House |
| 18:51 | Build | House |
| 18:52 | Build | House |
| 19:26 | Research | Bow Saw |
| 19:34 | Build | Town Center |
| 20:16 | Research | Crossbowman (upgrade) |
| 20:25 | Create | Villager (Male) |
| 20:25 | Create | Villager (Male) |
| 20:25 | Create | Villager (Male) |
| 20:25 | Create | Villager (Male) |
| 20:26 | Create | Villager (Male) |
| 20:26 | Create | Villager (Male) |
| 20:26 | Create | Villager (Male) |
| 20:28 | Create | Villager (Male) |
| 20:32 | Create | Villager (Male) |
| 20:32 | Create | Villager (Male) |
| 20:33 | Create | Villager (Male) |
| 20:33 | Create | Villager (Male) |
| 20:33 | Create | Villager (Male) |
| 20:34 | Create | Villager (Male) |
| 20:59 | Build | Town Center |
| 21:08 | Create | Villager (Male) |
| 21:22 | Create | Archer |
| 22:08 | Build | Farm |
| 22:09 | Build | Farm |
| 22:10 | Build | Farm |
| 22:35 | Create | Villager (Male) |
| 22:36 | Create | Villager (Male) |
| 22:36 | Create | Villager (Male) |
| 22:36 | Create | Villager (Male) |
| 22:37 | Create | Villager (Male) |
| 22:37 | Create | Villager (Male) |
| 22:37 | Create | Villager (Male) |
| 22:37 | Create | Villager (Male) |
| 22:38 | Create | Villager (Male) |
| 22:39 | Create | Villager (Male) |
| 22:39 | Create | Villager (Male) |
| 22:39 | Create | Villager (Male) |
| 22:42 | Create | Villager (Male) |
| 22:44 | Create | Villager (Male) |
| 22:44 | Create | Villager (Male) |
| 22:45 | Create | Villager (Male) |
| 22:46 | Create | Villager (Male) |
| 22:47 | Create | Villager (Male) |
| 22:49 | Create | Villager (Male) |
| 23:00 | Build | Siege Workshop |
| 23:22 | Build | Farm |
| 23:28 | Build | Farm |
| 23:36 | Create | Villager (Male) |
| 23:36 | Create | Villager (Male) |
| 24:02 | Research | Heavy Plow |
| 24:06 | Create | Villager (Male) |
| 24:07 | Create | Villager (Male) |
| 24:07 | Create | Villager (Male) |
| 24:08 | Create | Villager (Male) |
| 24:17 | Create | Archer |
| 24:17 | Create | Archer |
| 24:18 | Create | Archer |
| 24:18 | Create | Archer |
| 24:19 | Create | Archer |
| 24:25 | Research | Pikeman (upgrade) |
| 24:38 | Create | Spearman |
| 24:39 | Create | Spearman |
| 24:58 | Build | Stable |
| 25:01 | Build | Stable |
| 25:04 | Build | Stable |
| 25:11 | Create | Villager (Male) |
| 25:11 | Create | Villager (Male) |
| 25:23 | Research | Gold Mining |
| 25:23 | Research | Stone Mining |
| 25:30 | Research | Stone Mining |
| 25:35 | Create | Villager (Male) |
| 25:36 | Create | Villager (Male) |
| 25:51 | Create | Archer |
| 25:52 | Create | Archer |
Build order — Commander Davis
First 150 of 323 actions detected
| 0:04 | Create | Villager (Male) ×4 |
| 0:06 | Research | Loom |
| 0:06 | Research | Loom |
| 2:04 | Create | Villager (Male) |
| 2:06 | Create | Villager (Male) |
| 2:22 | Create | Villager (Male) |
| 2:47 | Create | Villager (Male) |
| 3:18 | Create | Villager (Male) |
| 3:44 | Create | Villager (Male) |
| 3:44 | Create | Villager (Male) |
| 4:13 | Create | Villager (Male) |
| 4:13 | Create | Villager (Male) |
| 4:28 | Create | Villager (Male) |
| 4:28 | Create | Villager (Male) |
| 4:49 | Create | Villager (Male) ×2 |
| 4:49 | Create | Villager (Male) ×2 |
| 5:23 | Build | Mill |
| 5:27 | Create | Villager (Male) |
| 5:37 | Create | Villager (Male) |
| 6:54 | Create | Villager (Male) |
| 7:42 | Build | Lumber Camp |
| 7:53 | Build | Mining Camp |
| 8:10 | Build | Mining Camp |
| 8:16 | Create | Villager (Male) ×5 |
| 8:16 | Create | Villager (Male) ×5 |
| 9:38 | Build | Mill |
| 9:43 | Build | Mill |
| 10:43 | Create | Villager (Male) |
| 10:44 | Create | Villager (Male) |
| 10:53 | Build | Barracks |
| 11:56 | Research | Feudal Age |
| 12:04 | Create | Villager (Male) |
| 12:04 | Create | Villager (Male) |
| 12:09 | Create | Villager (Male) |
| 12:40 | Build | Farm |
| 12:42 | Build | Farm |
| 12:43 | Build | Farm |
| 12:45 | Build | Farm |
| 12:47 | Build | Farm |
| 13:01 | Build | Lumber Camp |
| 13:08 | Research | Feudal Age |
| 13:18 | Build | Barracks |
| 15:21 | Create | Villager (Male) |
| 15:22 | Create | Villager (Male) |
| 15:32 | Build | Market |
| 15:37 | Build | Blacksmith |
| 16:01 | Build | Outpost |
| 16:03 | Build | Outpost |
| 16:05 | Build | Outpost |
| 16:08 | Build | Outpost |
| 16:12 | Build | Outpost |
| 16:27 | Research | Horse Collar |
| 16:38 | Build | Farm |
| 16:41 | Build | Farm |
| 16:44 | Build | Farm |
| 17:17 | Research | Castle Age |
| 20:05 | Build | Castle |
| 20:10 | Research | Pikeman (upgrade) |
| 20:12 | Research | Arson |
| 20:13 | Create | Spearman ×5 |
| 20:35 | Research | Double-Bit Axe |
| 20:39 | Build | Farm |
| 20:41 | Build | Farm |
| 20:42 | Build | Farm |
| 20:43 | Build | Farm |
| 20:44 | Build | Farm |
| 20:45 | Build | Farm |
| 20:55 | Research | Wheelbarrow |
| 20:56 | Create | Villager (Male) |
| 20:57 | Create | Villager (Male) |
| 21:55 | Build | Archery Range |
| 21:57 | Build | Archery Range |
| 22:19 | Build | Town Center |
| 22:48 | Create | Villager (Male) |
| 22:50 | Research | Hand Cart |
| 23:44 | Build | Town Center |
| 23:47 | Create | Villager (Male) ×5 |
| 23:48 | Create | Villager (Male) |
| 24:05 | Create | Tarkan |
| 24:06 | Create | Tarkan |
| 24:16 | Build | Farm |
| 24:20 | Build | Farm |
| 24:46 | Create | Villager (Male) ×2 |
| 24:47 | Create | Villager (Male) ×2 |
| 25:16 | Create | Villager (Male) ×3 |
| 25:27 | Build | Town Center |
| 25:35 | Create | Villager (Male) ×2 |
| 25:35 | Create | Villager (Male) ×2 |
| 29:13 | Create | Villager (Male) ×5 |
| 29:13 | Create | Villager (Male) ×5 |
| 29:14 | Create | Villager (Male) ×5 |
| 29:22 | Build | Archery Range |
| 29:23 | Build | Archery Range |
| 29:24 | Build | Archery Range |
| 29:26 | Build | Archery Range |
| 29:30 | Create | Tarkan |
| 29:31 | Create | Tarkan |
| 29:47 | Build | Town Center |
| 29:48 | Build | Town Center |
| 30:03 | Create | Tarkan |
| 30:03 | Create | Tarkan |
| 30:17 | Build | Blacksmith |
| 30:20 | Build | University |
| 30:36 | Build | Archery Range |
| 30:52 | Build | Lumber Camp |
| 30:57 | Create | Villager (Male) ×5 |
| 30:57 | Create | Villager (Male) ×5 |
| 32:32 | Build | Mill |
| 32:37 | Build | Farm |
| 32:39 | Build | Farm |
| 32:40 | Build | Farm |
| 32:40 | Build | Farm |
| 32:40 | Build | Farm |
| 32:41 | Build | Farm |
| 32:41 | Build | Farm |
| 32:41 | Build | Farm |
| 32:42 | Build | Farm |
| 32:42 | Build | Farm |
| 32:42 | Build | Farm |
| 32:43 | Build | Farm |
| 32:56 | Create | Skirmisher ×3 |
| 32:56 | Create | Skirmisher ×3 |
| 33:10 | Research | Elite Skirmisher (upgrade) |
| 33:10 | Create | Skirmisher |
| 33:10 | Create | Skirmisher |
| 33:33 | Create | Skirmisher |
| 33:48 | Create | Spearman ×5 |
| 33:49 | Create | Spearman ×5 |
| 34:22 | Create | Skirmisher ×5 |
| 34:22 | Create | Skirmisher ×5 |
| 35:56 | Research | Thumb Ring |
| 35:57 | Create | Skirmisher ×5 |
| 35:58 | Create | Skirmisher ×5 |
| 35:58 | Create | Skirmisher ×5 |
| 36:16 | Build | Castle |
| 36:28 | Create | Skirmisher ×5 |
| 37:02 | Build | Lumber Camp |
| 37:30 | Create | Villager (Male) ×5 |
| 37:30 | Create | Villager (Male) ×5 |
| 37:30 | Create | Villager (Male) ×5 |
| 37:40 | Create | Cavalry Archer ×5 |
| 37:40 | Create | Cavalry Archer ×5 |
| 37:40 | Create | Cavalry Archer ×5 |
| 38:46 | Create | Villager (Male) ×5 |
| 38:46 | Create | Villager (Male) ×5 |
| 39:09 | Build | Mining Camp |
| 39:41 | Build | Farm |
| 39:41 | Build | Farm |
| 39:42 | Build | Farm |
| 39:42 | Build | Farm |
Build order — Harry Tuttle
First 150 of 609 actions detected
| 0:01 | Create | Villager (Male) |
| 0:02 | Create | Villager (Male) |
| 0:02 | Create | Villager (Male) |
| 0:02 | Create | Villager (Male) |
| 0:06 | Build | House |
| 0:07 | Build | House |
| 1:36 | Create | Villager (Male) |
| 1:36 | Create | Villager (Male) |
| 2:36 | Create | Villager (Male) |
| 2:36 | Create | Villager (Male) |
| 2:44 | Create | Villager (Male) |
| 2:45 | Create | Villager (Male) |
| 2:46 | Research | Loom |
| 3:14 | Create | Villager (Male) |
| 3:15 | Create | Villager (Male) |
| 3:55 | Create | Villager (Male) |
| 4:49 | Create | Villager (Male) |
| 4:49 | Create | Villager (Male) |
| 4:50 | Create | Villager (Male) |
| 4:56 | Build | House |
| 5:17 | Build | Mill |
| 5:47 | Build | Mill |
| 6:21 | Create | Villager (Male) |
| 6:37 | Create | Villager (Male) |
| 6:44 | Create | Villager (Male) |
| 6:44 | Create | Villager (Male) |
| 6:56 | Build | Lumber Camp |
| 7:24 | Create | Villager (Male) |
| 7:55 | Create | Villager (Male) |
| 8:10 | Build | Mining Camp |
| 8:41 | Build | House |
| 8:49 | Build | House |
| 9:09 | Create | Villager (Male) |
| 9:11 | Create | Villager (Male) |
| 9:12 | Create | Villager (Male) |
| 9:17 | Create | Villager (Male) |
| 9:21 | Create | Villager (Male) |
| 10:02 | Build | Mining Camp |
| 10:38 | Research | Feudal Age |
| 11:18 | Build | Lumber Camp |
| 13:43 | Create | Villager (Male) |
| 13:44 | Age | Feudal Age |
| 13:52 | Build | Market |
| 14:03 | Build | Blacksmith |
| 15:22 | Build | Farm |
| 15:23 | Build | Farm |
| 15:28 | Build | Farm |
| 15:29 | Build | Farm |
| 15:52 | Research | Castle Age |
| 15:56 | Build | Farm |
| 15:58 | Build | Farm |
| 16:00 | Build | Farm |
| 16:28 | Research | Double-Bit Axe |
| 16:33 | Research | Horse Collar |
| 16:55 | Research | Stone Mining |
| 17:20 | Research | Gold Mining |
| 17:27 | Build | Farm |
| 17:29 | Build | Farm |
| 17:35 | Build | Farm |
| 18:32 | Age | Castle Age |
| 18:42 | Create | Villager (Male) |
| 19:04 | Build | Town Center |
| 19:08 | Create | Villager (Male) |
| 19:11 | Research | Wheelbarrow |
| 20:13 | Create | Villager (Male) |
| 20:16 | Create | Villager (Male) |
| 20:17 | Create | Villager (Male) |
| 20:55 | Build | Monastery |
| 21:06 | Build | Monastery |
| 21:07 | Create | Villager (Male) |
| 21:08 | Create | Villager (Male) |
| 21:09 | Create | Villager (Male) |
| 21:10 | Create | Villager (Male) |
| 21:25 | Build | Farm |
| 21:33 | Build | House |
| 21:36 | Build | House |
| 21:37 | Build | House |
| 21:47 | Build | Farm |
| 21:49 | Create | Villager (Male) |
| 21:59 | Build | University |
| 22:09 | Create | Villager (Male) |
| 22:17 | Build | Farm |
| 22:24 | Create | Villager (Male) |
| 22:25 | Create | Villager (Male) |
| 22:38 | Build | Farm |
| 22:45 | Create | Villager (Male) |
| 22:48 | Create | Villager (Male) |
| 23:07 | Build | House |
| 23:10 | Build | House |
| 23:13 | Create | Monk |
| 23:26 | Create | Monk |
| 23:33 | Create | Villager (Male) |
| 23:35 | Create | Villager (Male) |
| 23:47 | Build | Town Center |
| 23:52 | Create | Villager (Male) |
| 23:52 | Create | Villager (Male) |
| 24:18 | Build | Castle |
| 24:45 | Create | Monk |
| 24:50 | Create | Villager (Male) |
| 24:51 | Create | Villager (Male) |
| 24:51 | Create | Villager (Male) |
| 24:53 | Create | Villager (Male) |
| 24:53 | Create | Villager (Male) |
| 24:54 | Create | Villager (Male) |
| 25:24 | Build | Farm |
| 25:36 | Create | Villager (Male) |
| 25:39 | Create | Villager (Male) |
| 25:40 | Create | Villager (Male) |
| 25:42 | Create | Villager (Male) |
| 25:43 | Create | Villager (Male) |
| 25:45 | Create | Villager (Male) |
| 25:48 | Build | Farm |
| 25:50 | Build | Farm |
| 25:51 | Build | Farm |
| 26:23 | Create | Villager (Male) |
| 26:24 | Create | Villager (Male) |
| 26:24 | Create | Villager (Male) |
| 26:25 | Create | Villager (Male) |
| 26:25 | Create | Villager (Male) |
| 26:28 | Build | Farm |
| 26:31 | Build | Farm |
| 26:35 | Build | Farm |
| 26:44 | Build | Farm |
| 26:46 | Build | Farm |
| 27:01 | Research | Hand Cart |
| 27:02 | Create | Villager (Male) |
| 27:05 | Create | Villager (Male) |
| 27:06 | Create | Villager (Male) |
| 27:06 | Create | Villager (Male) |
| 27:09 | Build | Farm |
| 27:12 | Build | Farm |
| 27:15 | Build | Farm |
| 27:17 | Build | Farm |
| 27:31 | Build | House |
| 27:32 | Build | House |
| 27:34 | Build | House |
| 27:43 | Research | Town Watch |
| 27:47 | Create | Villager (Male) |
| 28:00 | Build | House |
| 28:10 | Build | Farm |
| 28:12 | Build | Farm |
| 28:16 | Build | Farm |
| 28:19 | Build | Farm |
| 28:22 | Build | Farm |
| 28:36 | Create | Villager (Male) |
| 28:37 | Create | Villager (Male) |
| 28:40 | Create | Villager (Male) |
| 28:40 | Create | Villager (Male) |
| 28:42 | Create | Villager (Male) |
| 28:42 | Create | Villager (Male) |
Build order — REALMorphzilla
First 150 of 379 actions detected
| 0:06 | Create | Villager (Male) ×4 |
| 0:06 | Create | Villager (Male) |
| 0:14 | Build | House |
| 0:17 | Build | House |
| 1:42 | Create | Villager (Male) |
| 2:02 | Build | Mill |
| 2:24 | Create | Villager (Male) |
| 2:45 | Create | Villager (Male) |
| 3:01 | Create | Villager (Male) |
| 3:35 | Create | Villager (Male) |
| 3:46 | Create | Villager (Male) |
| 4:01 | Build | House |
| 4:17 | Create | Villager (Male) |
| 4:42 | Build | Lumber Camp |
| 4:48 | Create | Villager (Male) |
| 4:49 | Create | Villager (Male) |
| 4:49 | Create | Villager (Male) |
| 5:23 | Create | Villager (Male) |
| 5:26 | Research | Loom |
| 5:42 | Create | Villager (Male) |
| 5:42 | Create | Villager (Male) |
| 5:43 | Create | Villager (Male) |
| 6:05 | Create | Villager (Male) |
| 6:05 | Create | Villager (Male) |
| 6:22 | Create | Villager (Male) |
| 6:51 | Build | House |
| 7:03 | Build | Mill |
| 7:10 | Create | Villager (Male) |
| 7:11 | Create | Villager (Male) |
| 7:11 | Create | Villager (Male) |
| 8:17 | Create | Villager (Male) |
| 8:18 | Create | Villager (Male) |
| 8:18 | Create | Villager (Male) |
| 8:18 | Create | Villager (Male) |
| 8:22 | Build | House |
| 8:53 | Build | Mining Camp |
| 9:32 | Create | Villager (Male) |
| 10:10 | Build | Farm |
| 10:12 | Build | Farm |
| 10:16 | Research | Feudal Age |
| 10:48 | Build | House |
| 10:49 | Build | House |
| 11:14 | Build | Farm |
| 11:36 | Build | Farm |
| 11:42 | Build | Farm |
| 12:07 | Build | Farm |
| 12:13 | Build | Farm |
| 12:27 | Create | Villager (Male) |
| 12:27 | Create | Villager (Male) |
| 12:45 | Create | Villager (Male) |
| 13:07 | Build | Lumber Camp |
| 13:32 | Build | Market |
| 13:43 | Research | Double-Bit Axe |
| 13:48 | Research | Wheelbarrow |
| 14:22 | Build | Blacksmith |
| 14:42 | Build | Mining Camp |
| 14:49 | Research | Castle Age |
| 15:07 | Build | Farm |
| 15:07 | Build | Farm |
| 15:13 | Create | Villager (Male) |
| 15:22 | Build | Farm |
| 15:50 | Research | Stone Mining |
| 16:11 | Research | Horse Collar |
| 17:02 | Create | Villager (Male) |
| 17:02 | Create | Villager (Male) |
| 17:03 | Create | Villager (Male) |
| 17:04 | Create | Villager (Male) |
| 17:10 | Build | Farm |
| 17:10 | Build | Farm |
| 17:11 | Build | Farm |
| 17:11 | Build | Farm |
| 17:11 | Build | Farm |
| 17:43 | Research | Gold Mining |
| 18:34 | Build | Town Center |
| 18:44 | Build | Town Center |
| 19:02 | Build | Town Center |
| 19:18 | Research | Heavy Plow |
| 19:51 | Build | Farm |
| 20:09 | Research | Bow Saw |
| 20:15 | Build | Farm |
| 20:31 | Create | Villager (Male) |
| 20:31 | Create | Villager (Male) |
| 20:32 | Create | Villager (Male) |
| 21:06 | Build | Barracks |
| 21:20 | Build | Farm |
| 21:20 | Build | Farm |
| 21:20 | Build | Farm |
| 21:21 | Build | Farm |
| 21:21 | Build | Farm |
| 21:21 | Build | Farm |
| 21:21 | Build | Farm |
| 21:37 | Create | Villager (Male) ×8 |
| 21:37 | Create | Villager (Male) |
| 21:40 | Research | Hand Cart |
| 21:42 | Create | Villager (Male) ×2 |
| 21:50 | Create | Villager (Male) |
| 21:55 | Create | Villager (Male) |
| 21:55 | Create | Villager (Male) |
| 22:03 | Build | House |
| 22:04 | Build | House |
| 22:04 | Build | House |
| 22:05 | Build | House |
| 22:05 | Build | House |
| 22:05 | Build | House |
| 22:05 | Build | House |
| 22:05 | Build | House |
| 22:06 | Build | House |
| 22:06 | Build | House |
| 22:06 | Build | House |
| 22:06 | Build | House |
| 22:06 | Build | House |
| 22:07 | Build | House |
| 22:07 | Build | House |
| 22:07 | Build | House |
| 22:08 | Build | House |
| 22:08 | Build | House |
| 22:08 | Build | House |
| 22:08 | Build | House |
| 22:08 | Build | House |
| 22:09 | Build | House |
| 22:13 | Create | Villager (Male) |
| 22:14 | Create | Villager (Male) |
| 22:18 | Build | Farm |
| 22:29 | Build | Farm |
| 22:29 | Build | Farm |
| 22:29 | Build | Farm |
| 22:29 | Build | Farm |
| 22:29 | Build | Farm |
| 22:30 | Build | Farm |
| 22:30 | Build | Farm |
| 22:30 | Build | Farm |
| 22:33 | Create | Villager (Male) |
| 22:34 | Create | Villager (Male) |
| 23:01 | Create | Villager (Male) ×3 |
| 23:07 | Build | Archery Range |
| 23:10 | Create | Villager (Male) |
| 23:20 | Build | Farm |
| 23:20 | Build | Farm |
| 23:20 | Build | Farm |
| 23:21 | Build | Farm |
| 23:21 | Build | Farm |
| 23:21 | Build | Farm |
| 23:21 | Build | Farm |
| 23:21 | Build | Farm |
| 23:22 | Build | Farm |
| 23:22 | Build | Farm |
| 23:24 | Create | Villager (Male) |
| 23:25 | Create | Villager (Male) |
| 23:37 | Create | Villager (Male) |
| 23:46 | Build | House |
Build order — SL | Icheng
First 150 of 434 actions detected
| 0:01 | Create | Villager (Male) ×4 |
| 0:04 | Build | House |
| 0:06 | Build | House |
| 1:34 | Create | Villager (Male) |
| 1:47 | Build | Lumber Camp |
| 2:04 | Create | Villager (Male) |
| 2:29 | Create | Villager (Male) |
| 2:50 | Create | Villager (Male) |
| 3:18 | Create | Villager (Male) |
| 3:50 | Create | Villager (Male) |
| 3:53 | Build | House |
| 3:59 | Build | Mill |
| 4:17 | Create | Villager (Male) |
| 4:37 | Create | Villager (Male) |
| 5:06 | Create | Villager (Male) |
| 5:30 | Create | Villager (Male) |
| 5:56 | Create | Villager (Male) |
| 6:21 | Create | Villager (Male) |
| 6:27 | Build | House |
| 6:49 | Create | Villager (Male) |
| 6:57 | Create | Villager (Male) |
| 7:27 | Build | Mining Camp |
| 7:40 | Research | Feudal Age |
| 9:01 | Create | Villager (Male) |
| 9:02 | Create | Villager (Male) |
| 9:11 | Build | Mill |
| 9:50 | Age | Feudal Age |
| 10:14 | Create | Villager (Male) |
| 10:24 | Build | House |
| 10:52 | Create | Villager (Male) |
| 11:14 | Create | Villager (Male) |
| 11:35 | Create | Villager (Male) |
| 12:02 | Build | House |
| 12:13 | Build | Lumber Camp |
| 12:23 | Create | Villager (Male) |
| 12:28 | Build | Blacksmith |
| 12:34 | Build | Market |
| 12:50 | Create | Villager (Male) |
| 12:51 | Create | Villager (Male) |
| 12:51 | Create | Villager (Male) |
| 13:11 | Build | Farm |
| 13:11 | Build | Farm |
| 13:12 | Build | Farm |
| 13:30 | Build | Mining Camp |
| 14:06 | Create | Villager (Male) |
| 14:25 | Research | Castle Age |
| 14:30 | Build | House |
| 14:33 | Build | House |
| 14:33 | Build | House |
| 14:41 | Build | Farm |
| 14:42 | Build | Farm |
| 14:42 | Build | Farm |
| 14:44 | Build | Farm |
| 14:45 | Build | Farm |
| 14:47 | Build | Farm |
| 15:41 | Research | Double-Bit Axe |
| 15:48 | Build | Barracks |
| 16:31 | Create | Villager (Male) |
| 16:31 | Create | Villager (Male) |
| 16:36 | Research | Horse Collar |
| 17:11 | Age | Castle Age |
| 17:15 | Build | Town Center |
| 17:51 | Build | Monastery |
| 17:55 | Create | Villager (Male) |
| 18:20 | Create | Villager (Male) |
| 18:31 | Build | Stable |
| 18:33 | Create | Monk |
| 18:34 | Create | Monk |
| 19:02 | Create | Villager (Male) |
| 19:02 | Create | Villager (Male) |
| 19:03 | Create | Villager (Male) |
| 19:03 | Create | Villager (Male) |
| 19:13 | Build | Farm |
| 19:13 | Build | Farm |
| 19:40 | Create | Villager (Male) |
| 19:53 | Create | Villager (Male) |
| 19:55 | Create | Villager (Male) |
| 20:21 | Create | Villager (Male) |
| 20:23 | Create | Villager (Male) |
| 20:31 | Build | Farm |
| 20:32 | Build | Farm |
| 20:32 | Build | Farm |
| 20:33 | Build | Farm |
| 20:38 | Create | Villager (Male) |
| 20:39 | Create | Villager (Male) |
| 20:57 | Create | Villager (Male) |
| 21:00 | Create | Villager (Male) |
| 21:19 | Build | House |
| 21:22 | Build | House |
| 21:23 | Build | House |
| 21:27 | Create | Villager (Male) |
| 21:28 | Create | Villager (Male) |
| 21:56 | Build | House |
| 22:20 | Build | Castle |
| 22:24 | Build | Siege Workshop |
| 22:27 | Create | Villager (Male) |
| 22:28 | Create | Villager (Male) |
| 22:39 | Build | Farm |
| 22:40 | Build | Farm |
| 22:40 | Build | Farm |
| 22:41 | Build | Farm |
| 22:46 | Research | Pikeman (upgrade) |
| 22:54 | Create | Villager (Male) |
| 22:55 | Create | Villager (Male) |
| 23:06 | Build | Farm |
| 23:07 | Build | Farm |
| 23:07 | Build | Farm |
| 23:08 | Build | Farm |
| 23:22 | Create | Villager (Male) |
| 23:23 | Create | Villager (Male) |
| 23:37 | Build | University |
| 23:40 | Create | Villager (Male) |
| 23:41 | Create | Villager (Male) |
| 23:57 | Build | Farm |
| 23:59 | Create | Villager (Male) |
| 24:00 | Create | Villager (Male) |
| 24:15 | Create | Villager (Male) |
| 24:17 | Create | Villager (Male) |
| 24:26 | Build | Farm |
| 24:32 | Build | Barracks |
| 24:33 | Build | Barracks |
| 24:36 | Create | Battering Ram |
| 24:52 | Create | Spearman |
| 24:52 | Create | Spearman |
| 24:53 | Create | Spearman |
| 24:54 | Create | Spearman |
| 24:56 | Create | Villager (Male) |
| 24:57 | Create | Villager (Male) |
| 25:02 | Create | Centurion |
| 25:14 | Create | Villager (Male) |
| 25:15 | Create | Villager (Male) |
| 25:24 | Create | Battering Ram |
| 25:28 | Create | Militia |
| 25:29 | Create | Militia |
| 25:30 | Create | Militia |
| 25:30 | Create | Militia |
| 25:48 | Create | Villager (Male) |
| 25:49 | Create | Villager (Male) |
| 25:55 | Create | Militia |
| 25:55 | Create | Militia |
| 25:57 | Create | Militia |
| 25:58 | Create | Militia |
| 26:01 | Create | Villager (Male) |
| 26:02 | Create | Villager (Male) |
| 26:09 | Build | Farm |
| 26:10 | Build | Farm |
| 26:10 | Build | Farm |
| 26:11 | Build | Farm |
| 26:12 | Build | Farm |
| 26:23 | Create | Villager (Male) |
Build order — SmokedYoAzz420
First 150 of 254 actions detected
| 0:07 | Create | Villager (Male) |
| 0:08 | Research | Loom |
| 0:08 | Research | Loom |
| 0:14 | Build | House |
| 0:15 | Build | House |
| 0:17 | Build | House |
| 0:19 | Build | House |
| 1:30 | Create | Villager (Male) ×3 |
| 1:46 | Build | Lumber Camp |
| 2:08 | Create | Villager (Male) |
| 2:08 | Create | Villager (Male) |
| 2:33 | Create | Villager (Male) |
| 2:34 | Create | Villager (Male) |
| 3:24 | Create | Villager (Male) |
| 3:24 | Create | Villager (Male) |
| 3:39 | Create | Villager (Male) |
| 3:40 | Create | Villager (Male) |
| 4:25 | Create | Villager (Male) |
| 4:26 | Create | Villager (Male) |
| 4:49 | Create | Villager (Male) |
| 4:49 | Create | Villager (Male) |
| 5:08 | Create | Villager (Male) |
| 5:08 | Create | Villager (Male) |
| 5:27 | Build | Mill |
| 5:37 | Create | Villager (Male) |
| 5:38 | Create | Villager (Male) |
| 5:54 | Create | Villager (Male) |
| 5:54 | Create | Villager (Male) |
| 6:20 | Create | Villager (Male) |
| 6:20 | Create | Villager (Male) |
| 6:56 | Create | Villager (Male) |
| 6:57 | Create | Villager (Male) |
| 6:57 | Create | Villager (Male) |
| 7:09 | Build | Lumber Camp |
| 7:24 | Create | Villager (Male) |
| 7:24 | Create | Villager (Male) |
| 7:24 | Create | Villager (Male) |
| 7:50 | Create | Villager (Male) |
| 7:50 | Create | Villager (Male) |
| 8:52 | Build | Mining Camp |
| 9:37 | Create | Villager (Male) ×5 |
| 10:37 | Build | House |
| 10:40 | Build | House |
| 10:42 | Build | House |
| 10:43 | Build | House |
| 10:56 | Build | Mining Camp |
| 12:58 | Research | Feudal Age |
| 15:27 | Create | Villager (Male) ×9 |
| 15:41 | Build | Farm |
| 15:45 | Build | Farm |
| 15:46 | Build | Farm |
| 15:49 | Build | Farm |
| 15:53 | Build | Farm |
| 15:58 | Build | Farm |
| 15:59 | Build | Farm |
| 16:31 | Research | Double-Bit Axe |
| 16:48 | Build | Farm |
| 17:21 | Build | Market |
| 17:29 | Build | Blacksmith |
| 17:38 | Build | Farm |
| 17:44 | Build | Farm |
| 18:20 | Build | Outpost |
| 18:23 | Build | Outpost |
| 18:26 | Build | Outpost |
| 18:47 | Build | Farm |
| 18:48 | Build | Farm |
| 19:00 | Build | Mill |
| 19:10 | Create | Villager (Male) |
| 19:20 | Build | Farm |
| 19:29 | Build | Farm |
| 19:43 | Build | Farm |
| 19:59 | Build | Barracks |
| 20:34 | Research | Castle Age |
| 20:50 | Build | Stable |
| 21:00 | Build | Outpost |
| 21:15 | Research | Man-at-Arms (upgrade) |
| 21:18 | Research | Arson |
| 21:44 | Research | Gold Mining |
| 21:53 | Build | Barracks |
| 22:00 | Build | Archery Range |
| 22:36 | Research | Stone Mining |
| 23:21 | Build | Castle |
| 23:39 | Build | University |
| 23:44 | Research | Horse Collar |
| 23:46 | Research | Bow Saw |
| 23:57 | Build | Town Center |
| 24:14 | Build | Town Center |
| 24:36 | Research | Wheelbarrow |
| 24:39 | Research | Town Watch |
| 24:52 | Research | Murder Holes |
| 25:41 | Build | Siege Workshop |
| 25:59 | Create | Villager (Male) ×5 |
| 25:59 | Create | Villager (Male) ×5 |
| 26:00 | Create | Villager (Male) ×2 |
| 26:31 | Build | House |
| 26:34 | Build | House |
| 26:35 | Build | House |
| 26:36 | Build | House |
| 26:39 | Build | House |
| 26:40 | Build | House |
| 26:43 | Build | House |
| 26:45 | Build | House |
| 26:47 | Build | House |
| 26:48 | Build | House |
| 27:11 | Create | Villager (Male) ×5 |
| 27:11 | Create | Villager (Male) ×5 |
| 27:11 | Create | Villager (Male) ×4 |
| 27:40 | Create | Villager (Male) ×3 |
| 27:40 | Create | Villager (Male) ×3 |
| 28:35 | Create | Villager (Male) ×5 |
| 29:23 | Create | Villager (Male) ×5 |
| 29:24 | Create | Villager (Male) |
| 29:48 | Build | Farm |
| 29:57 | Build | Farm |
| 30:06 | Build | Farm |
| 30:12 | Build | Farm |
| 30:22 | Build | Farm |
| 30:58 | Build | Castle |
| 31:12 | Build | Farm |
| 31:16 | Build | Farm |
| 31:17 | Build | Farm |
| 31:24 | Create | Villager (Male) ×5 |
| 31:24 | Create | Villager (Male) ×5 |
| 31:39 | Research | Heavy Plow |
| 32:02 | Build | Stable |
| 32:04 | Build | Stable |
| 32:08 | Build | Stable |
| 32:13 | Build | Stable |
| 32:22 | Build | Barracks |
| 32:25 | Build | Barracks |
| 32:30 | Build | Archery Range |
| 32:31 | Build | Archery Range |
| 32:38 | Build | Archery Range |
| 32:55 | Build | Mill |
| 33:17 | Research | Forging |
| 33:17 | Research | Scale Mail Armor |
| 33:18 | Research | Scale Barding Armor |
| 33:26 | Build | Farm |
| 33:28 | Build | Farm |
| 33:30 | Build | Farm |
| 33:33 | Build | Farm |
| 33:34 | Build | Farm |
| 33:38 | Build | Farm |
| 33:40 | Build | Farm |
| 33:47 | Build | Farm |
| 33:49 | Build | Farm |
| 33:53 | Build | Farm |
| 34:06 | Create | Villager (Male) ×5 |
| 34:07 | Create | Villager (Male) ×5 |
| 34:18 | Build | Farm |
Match timeline
| 9:50 | SL | Icheng · age_up feudal |
| 10:53 | Commander Davis · first_building Barracks |
| 13:44 | Harry Tuttle · age_up feudal |
| 14:14 | SL | Icheng · first_market_sell 100 wood |
| 14:21 | SL | Icheng · first_market_buy 100 food |
| 15:16 | Twiggy551456 · first_building Barracks |
| 15:48 | SL | Icheng · first_building Barracks |
| 15:50 | Harry Tuttle · first_market_buy 100 food |
| 16:13 | Twiggy551456 · first_building Archery Range |
| 17:08 | Commander Davis · first_market_buy 100 food |
| 17:11 | SL | Icheng · age_up castle |
| 17:14 | Commander Davis · first_market_sell 100 wood |
| 17:51 | SL | Icheng · first_building Monastery |
| 18:31 | SL | Icheng · first_building Stable |
| 18:32 | Harry Tuttle · age_up castle |
| 18:56 | REALMorphzilla · first_market_buy 100 stone |
| 19:59 | SmokedYoAzz420 · first_building Barracks |
| 20:05 | Commander Davis · first_building Castle |
| 20:27 | SmokedYoAzz420 · first_market_buy 100 food |
| 20:50 | SmokedYoAzz420 · first_building Stable |
| 20:55 | Harry Tuttle · first_building Monastery |
| 21:06 | REALMorphzilla · first_building Barracks |
| 21:55 | Commander Davis · first_building Archery Range |
| 22:00 | SmokedYoAzz420 · first_building Archery Range |
| 22:20 | SL | Icheng · first_building Castle |
| 22:24 | SL | Icheng · first_building Siege Workshop |
| 23:00 | Twiggy551456 · first_building Siege Workshop |
| 23:07 | REALMorphzilla · first_building Archery Range |
| 23:21 | SmokedYoAzz420 · first_building Castle |
| 24:18 | Harry Tuttle · first_building Castle |
| 24:58 | Twiggy551456 · first_building Stable |
| 25:41 | SmokedYoAzz420 · first_building Siege Workshop |
| 27:37 | REALMorphzilla · first_building Castle |
| 30:50 | REALMorphzilla · first_building Stable |
| 31:13 | Harry Tuttle · first_building Barracks |
| 31:49 | Twiggy551456 · first_building Castle |
| 31:54 | REALMorphzilla · first_building Monastery |
| 32:44 | Harry Tuttle · age_up imperial |
| 34:32 | REALMorphzilla · first_market_sell 100 wood |
| 34:59 | SL | Icheng · age_up imperial |
| 43:15 | Commander Davis · first_building Stable |
| 44:22 | Harry Tuttle · first_building Archery Range |
| 45:36 | Twiggy551456 · wall_segment Stone Wall x4 |
| 46:08 | SL | Icheng · wall_segment Stone Wall x5 |
| 46:34 | Twiggy551456 · wall_segment Stone Wall x3 |
| 50:17 | Twiggy551456 · first_market_buy 100 wood |
| 50:42 | Commander Davis · first_building Siege Workshop |
| 58:57 | Harry Tuttle · resign |
[ AI ANALYSIS · 1 CREDIT ]
What really happened in this match?
Wolo.gg analyzes every decision: build order, eco, micro, common mistakes by bracket. Personalized analysis on WhatsApp or Discord in 30 seconds.
Civ guide
Vietnamese
Map guide
Arena
Perfil
Twiggy551456